 Dungeon Crawl Stone Soup version 0.22-a0-355-g201945fe43 (webtiles) character file.

43 KleinerIrrer the Firebug (level 3, -4/28 HPs)
             Began as a Naga Fire Elementalist on Apr 18, 2018.
             Killed from afar by Natasha (8 damage)
             ... with a magic dart
             ... on level 2 of the Dungeon.
             The game lasted 00:06:39 (2311 turns).

KleinerIrrer the Firebug (Naga Fire Elementalist)   Turns: 2311, Time: 00:06:40

Health: -4/28      AC:  2    Str:  7 (10) XL:     3   Next: 58%
Magic:  3/6        EV: 15    Int: 14 (16) God:
Gold:   71         SH:  0    Dex: 13 (16) Spells: 0/7 levels left

rFire    . . .     SeeInvis +   g - +0 whip
rCold    . . .     Gourm    .   (no shield)
rNeg     . . .     Faith    .   a - +0 robe
rPois    +         Spirit   .   (no helmet)
rElec    .         Reflect  .   (no cloak)
rCorr    .         Harm     .   (no gloves)
MR       .....                  (no barding)
Stlth    +++.......             (no amulet)
HPRegen  0.09/turn              (no ring)
MPRegen  0.10/turn              (no ring)

@: agile, very slightly contaminated, very slow
A: large, see invisible, deformed body, poison resistance, slowness 2, slow
metabolism 1, spit poison 1, AC +1
a: Spit Poison


You were on level 2 of the Dungeon.
You were hungry.

You visited 1 branch of the dungeon, and saw 2 of its levels.

You collected 71 gold pieces.

Inventory:

Hand Weapons
 g - a +0 whip (weapon)
Armour
 a - a +0 robe (worn)
Scrolls
 d - 2 scrolls of remove curse
 f - 4 scrolls of identify
 i - 2 scrolls of fog
Comestibles
 c - 3 rations


   Skills:
 - Level 1.5 Dodging
 - Level 3.0 Stealth
 + Level 2.6 Spellcasting
 + Level 2.0 Conjurations
 + Level 3.6 Fire Magic


You couldn't memorise any spells.
You knew the following spells:

 Your Spells              Type           Power        Failure   Level  Hunger
a - Flame Tongue          Conj/Fire      #....        7%          1    #......
b - Conjure Flame         Conj/Fire      #.......     22%         3    ###....
c - Inner Flame           Hex/Fire       #.......     32%         3    ###....


Dungeon Overview and Level Annotations

Branches:
Dungeon (2/15)

Altars:

Annotations:
D:2 Natasha


Innate Abilities, Weirdness & Mutations

You cannot wear boots.
Your serpentine skin is tough. (AC +1)
You have supernaturally acute eyesight. (SInv)
Armour fits poorly on your strangely shaped body.
Your system is resistant to poisons. (rPois)
You cover ground very slowly.
You have a slow metabolism.
You can spit poison.


Message History

As you read the scroll labeled XEAS RANAF, it crumbles to dust.
It is a scroll of identify.
i - 2 scrolls of fog Natasha misses you.
Okay, then.
Natasha closely misses you. Natasha claws you.
* * * LOW HITPOINT WARNING * * *
Natasha closely misses you. Natasha misses you. Natasha casts a spell at you.
You resist with some effort.
Casting: Flame Tongue (safe; 7% risk of failure)
Confirm with . or Enter, or press ? or * to list all spells.
Aiming: Conjure Flame (safe; 22% risk of failure)
Press: ? - help, Dir - move target cursor, p - Natasha The fire ignites!
Natasha stares at you and mumbles some strange words.
The magic dart hits you!
You die...

#.##.# #.# #..#...# #
#.##.#####
#.###......#######
###........#
#............#.#..
#......###.#
######.....#....♣♣
#.###### #.#
##.#....♣♣♣♣♣ #.# #.#
#.#.♣♣♣♣ ♣♣. #h# #.#
#.#.♣♣♣ ♣♣.. #.#
#.#########.#.♣.♣♣♣..♣
#.#
#....@.........♣♣.♣♣♣.
#)#
####.########..♣♣♣..♣.
#.# #.# #.♣♣_...♣.
#.###########.#
#.♣♣.♣♣♣.♣
#.........h.h.#
#.♣♣♣.♣.♣♣
#####################
#.♣ ♣♣♣♣♣♣ ..#
#.......# #.♣ #.#♣..
..# #.#####.# ###
#.#w## #r# #.#
#.#######.#.#


You could see Natasha.

Vanquished Creatures
  An adder (D:2)
  3 worms (D:2)
  A leopard gecko (D:1)
  A ball python (D:2)
  4 bats
  3 giant cockroaches (D:2)
  3 jackals
  3 kobolds (D:2)
  3 frilled lizards (D:2)
  2 rats
24 creatures vanquished.

Notes
Turn   | Place    | Note
-------+----------+-------------------------------------------
     0 | D:1      | KleinerIrrer the Naga Fire Elementalist began the quest for the Orb.
     0 | D:1      | Reached XP level 1. HP: 15/15 MP: 3/3
   939 | D:2      | Reached XP level 2. HP: 22/22 MP: 1/5
  1494 | D:2      | Reached XP level 3. HP: 27/28 MP: 0/6
  1855 | D:2      | Found a faded altar of an unknown god.
  2250 | D:2      | Learned a level 3 spell: Conjure Flame
  2254 | D:2      | Learned a level 3 spell: Inner Flame
  2272 | D:2      | Noticed Natasha
  2311 | D:2      | Killed from afar by Natasha

Vault maps used:
D:1:      dpeg_arrival_renting
D:2:      marbit_many_paths, chequers_ecumenical_altar_grove, first_ration,
          uniq_crazy_yiuf_cottage, uniq_natasha

Skill      XL: |  1  2  3 |
---------------+----------+-----
Conjurations   | 2 |  2.0
Dodging        | |  1.5
Stealth        | |  3.0
Spellcasting   | |  2.6
Fire Magic     | |  3.6

Action                   || total
-------------------------++-------
Melee: Unarmed           ||     2
       Whip              ||    22
 Cast: Flame Tongue      ||    52
       Conjure Flame     ||     2
  Use: Potion            ||     5
       Scroll            ||     2
 Stab: Sleeping          ||     1
  Eat: Chunk             ||     3
Armor: Robe              ||    12
Dodge: Dodged            ||    28

Table legend:
 A = Spawn XP
 B = Non-spawn XP
 C = Spawn XP percentage of total XP
 D = Spawn monster count
 E = Non-spawn monster count
 F = Spawn count percentage of total count
 G = Total turns spent on level
                    A         B        C        D         E        F      G
               +---------+---------+-------+---------+---------+-------+---------
         Total |       0 |      62 |   0.0 |       0 |      24 |   0.0 |  2311
               +---------+---------+-------+---------+---------+-------+---------
           D:1 |       0 |       9 |   0.0 |       0 |       5 |   0.0 |  1240
           D:2 |       0 |      53 |   0.0 |       0 |      19 |   0.0 |  1071
               +---------+---------+-------+---------+---------+-------+---------
